Devils vs Bruins
Created - February 5, 2022 at 22:12
Goals
|
| Devils |
1 |
1 |
2 |
4 |
| Bruins |
1 |
0 |
0 |
1 |
|
Shots
|
| Devils |
14 |
8 |
12 |
34 |
| Bruins |
9 |
4 |
9 |
22 |
|
1st period
1. Bruins , Andrei Kostitsyn 6 (Andreas Athanasiou 1, Casey Cizikas 13) at 14:30
2. Devils , Matt Donovan 2 (Eric Tangradi 4) at 18:02
Penalties :
Aleksander Barkov (N.J) for Holding (Minor) at 1:02, Victor Oreskovich (Bos) for Interference (Minor) at 18:14
2nd period
3. Devils , Miikka Salomaki 4 (Mark Fistric 5, Eric Tangradi 5) at 14:14
Penalties :
Nazem Kadri (N.J) for Tripping (Minor) at 9:29
3rd period
4. Devils , Tyler Ennis 13 (Nazem Kadri 22, Marian Gaborik 11) at 9:55 (PP)
5. Devils , Miikka Salomaki 5 (Anton Stralman 15, Aleksander Barkov 5) at 13:10
Penalties :
Andrei Kostitsyn (Bos) for Hooking (Minor) at 9:11, Victor Oreskovich (Bos) for Hooking (Minor) at 15:03, Brian McGrattan (N.J) for Holding (Minor) at 17:11
Goalie Stats
Maxime Daigneault (N.J), 21 saves from 22 shots - (0.955), W, 14-8-1, 60:00 minutes
Kevin Poulin (Bos), 30 saves from 34 shots - (0.882), L, 10-11-1, 60:00 minutes
Players Stats for Devils
Player Name G A P +/- PIM S H SB GA TA FO MP PP MP PK MP
------------------------------------------------------------------------------------
Aleksander Barkov 0 1 1 0 2 1 0 0 0 0 8/15 15:34 1:53 0:19
Anton Lander 0 0 0 3 0 1 0 0 0 0 2/5 11:58 0:00 1:45
Anton Stralman 0 1 1 2 0 1 3 3 0 0 0/0 22:25 1:43 3:17
Brian McGrattan 0 0 0 -1 2 4 3 1 1 0 0/1 12:56 0:00 1:12
Chris Stewart 0 0 0 0 0 1 1 0 0 0 1/3 15:44 1:53 0:00
Eric Tangradi 0 2 2 3 0 3 0 0 0 0 0/0 11:22 0:00 1:04
Jamie Arniel 0 0 0 -1 0 3 2 1 1 0 6/10 15:07 0:00 3:08
Jonathan Huberdeau 0 0 0 0 0 2 1 0 0 0 0/0 15:00 1:53 0:00
Kristopher Letang 0 0 0 1 0 1 0 2 0 0 0/0 21:26 2:59 0:00
Marian Gaborik 0 1 1 0 0 2 4 1 0 0 0/0 16:02 2:49 0:00
Mark Fistric 0 1 1 1 0 1 1 2 0 0 0/0 21:00 0:00 3:17
Matt Donovan 1 0 1 0 0 1 0 4 0 1 0/0 15:51 0:00 2:40
Michael Del Zotto 0 0 0 0 0 0 1 0 0 0 0/0 21:44 2:59 0:00
Miikka Salomaki 2 0 2 3 0 3 0 0 0 0 1/1 10:13 0:00 0:00
Nazem Kadri 0 1 1 0 2 5 0 0 2 0 8/16 16:49 2:49 0:00
Thomas Hickey 0 0 0 0 0 3 0 1 0 0 0/0 17:34 1:43 2:40
Tyler Ennis 1 0 1 0 0 1 1 0 0 0 2/2 18:08 2:49 1:18
Zach Parise 0 0 0 -1 0 1 1 0 1 0 1/1 15:07 0:00 3:08
Players Stats for Bruins
Player Name G A P +/- PIM S H SB GA TA FO MP PP MP PK MP
------------------------------------------------------------------------------------
Adam Pelech 0 0 0 0 0 0 0 0 0 0 0/0 3:13 0:00 0:00
Alex Petrovic 0 0 0 -1 0 0 0 0 0 0 0/0 10:05 0:00 0:00
Andreas Athanasiou 0 1 1 -1 0 1 3 1 0 0 0/0 14:55 0:07 0:00
Andrei Kostitsyn 1 0 1 -1 2 2 0 2 0 0 0/0 16:00 0:10 1:05
Brendan Smith 0 0 0 0 0 3 1 2 0 0 0/0 25:21 3:38 2:46
Casey Cizikas 0 1 1 -1 0 4 1 1 0 0 4/7 15:16 0:07 0:19
Jason Demers 0 0 0 0 0 2 1 2 0 1 0/0 28:34 3:38 2:46
Jonathan Toews 0 0 0 -1 0 2 0 1 1 1 9/21 20:33 2:57 2:57
Josh Manson 0 0 0 -1 0 1 2 0 0 1 0/0 21:21 2:19 1:56
Kevin Hayes 0 0 0 0 0 0 2 1 0 1 7/13 17:16 2:53 0:00
Kris Chucko 0 0 0 0 0 1 1 0 0 0 0/0 7:32 0:00 1:10
Madison Bowey 0 0 0 -1 0 0 0 0 0 1 0/0 10:05 0:00 0:00
Matt Read 0 0 0 0 0 0 1 0 0 0 0/1 17:16 2:53 0:00
Mikael Backlund 0 0 0 0 0 0 0 0 0 0 1/2 5:46 0:00 0:00
Scott Hartnell 0 0 0 0 0 1 0 1 0 0 0/2 18:15 2:53 0:59
Torey Krug 0 0 0 -1 0 1 0 1 0 0 0/0 21:21 2:19 1:56
Victor Oreskovich 0 0 0 -1 4 1 1 0 0 0 0/0 17:31 2:54 0:00
Wojtek Wolski 0 0 0 -1 0 3 3 1 0 0 4/8 24:55 2:57 2:54
3 Stars
1 - Miikka Salomaki (N.J)
2 - Eric Tangradi (N.J)
3 - Anton Stralman (N.J)
Power Play
Devils - 1 on 3 Attempt(s) - 33.33%
Bruins - 0 on 3 Attempt(s) - 0.00%
Penalty Kill
Devils - 3 on 3 Attempt(s) - 100.00%
- Score 0 goal in Penalty Kill
Bruins - 2 on 3 Attempt(s) - 66.67%
- Score 0 goal in Penalty Kill
Team Stat
Devils - Hits : 18 - Faceoff Wins : 29 - Blocked Shots : 15 - Penalty Minutes : 6
Bruins - Hits : 16 - Faceoff Wins : 25 - Blocked Shots : 13 - Penalty Minutes : 6
Official
Referees : Corey Syvret and Chris Schlenker
Linesman : Bevan Mills and Jonny Murray
Game Notes
No Game Note
Finance
Level 1 -- Attendance: 3866 (64.43%) -- Ticket Income $479,384
Level 2 -- Attendance: 3535 (70.70%) -- Ticket Income $265,125
Level 3 -- Attendance: 1394 (69.70%) -- Ticket Income $61,336
Level 4 -- Attendance: 3001 (75.03%) -- Ticket Income $87,029
Luxury Box -- Attendance: 781 (78.10%) -- Ticket Income $171,039
Game was played at the TD Garden.
Total Attendance: 12577 (69.87%)
Total Ticket Income: $1,063,913
Other Income: $159,587
Total Income: $1,223,500
Devils
5 vs 5 Forward
Center Left Wing Right Wing Time % Phy DF OF
1 Nazem Kadri Tyler Ennis Chris Stewart 32 0 2 3
2 Aleksander Barkov Jonathan Huberdeau Marian Gaborik 30 0 2 3
3 Jamie Arniel Zach Parise Brian McGrattan 28 0 2 3
4 Anton Lander Eric Tangradi Miikka Salomaki 10 0 2 3
5 vs 5 Defense
Defense Defense Time % Phy DF OF
1 Anton Stralman Kristopher Letang 36 0 3 2
2 Michael Del Zotto Mark Fistric 34 0 3 2
3 Matt Donovan Thomas Hickey 26 0 3 2
4 Michael Del Zotto Kristopher Letang 4 1 2 2
PowerPlay Forward
Center Left Wing Right Wing Time % Phy DF OF
1 Nazem Kadri Tyler Ennis Marian Gaborik 60 0 1 4
2 Aleksander Barkov Jonathan Huberdeau Chris Stewart 40 0 1 4
PowerPlay Defense
Defense Defense Time % Phy DF OF
1 Michael Del Zotto Kristopher Letang 60 0 2 3
2 Anton Stralman Thomas Hickey 40 0 2 3
Penalty Kill 4 Players Forward
Center Wing Time % Phy DF OF
1 Jamie Arniel Zach Parise 60 1 4 0
2 Anton Lander Brian McGrattan 40 1 4 0
Penalty Kill 4 Players Defense
Defense Defense Time % Phy DF OF
1 Anton Stralman Mark Fistric 60 1 4 0
2 Thomas Hickey Matt Donovan 40 1 4 0
Penalty Kill - 3 Players Forward
Forward Time % Phy DF OF
1 Tyler Ennis 60 0 4 1
2 Jamie Arniel 40 0 4 1
Penalty Kill - 3 Players Defense
Defense Defense Time % Phy DF OF
1 Anton Stralman Kristopher Letang 60 1 4 0
2 Michael Del Zotto Mark Fistric 40 1 4 0
4 vs 4 Forward
Center Wing Time % Phy DF OF
1 Nazem Kadri Tyler Ennis 60 0 2 3
2 Jamie Arniel Zach Parise 40 0 2 3
4 vs 4 Defense
Defense Defense Time % Phy DF OF
1 Anton Stralman Kristopher Letang 60 0 3 2
2 Michael Del Zotto Mark Fistric 40 0 3 2
Last Minutes Offensive
Center Left Wing Right Wing Defense Defense
Nazem Kadri Tyler Ennis Marian Gaborik Michael Del Zotto Kristopher Letang
Last Minutes Defensive
Center Left Wing Right Wing Defense Defense
Jamie Arniel Zach Parise Brian McGrattan Anton Stralman Mark Fistric
Goaltenders
Starting : Maxime Daigneault
Backup : Thomas McCollum
Extra Forwards
Normal : Zach Parise, Jonathan Huberdeau, Aleksander Barkov - PP : Zach Parise, Jamie Arniel - PK : Tyler Ennis
Extra Defensemen
Normal : Kristopher Letang, Matt Donovan, Mark Fistric - PP : Anton Stralman - PK : Kristopher Letang, Matt Donovan
Penalty Shots
Nazem Kadri, Tyler Ennis, Marian Gaborik, Chris Stewart, Jamie Arniel
Scratches
Mike Weber (Healthy)
Bruins
5 vs 5 Forward
Center Left Wing Right Wing Time % Phy DF OF
1 Jonathan Toews Wojtek Wolski Victor Oreskovich 40 1 2 2
2 Kevin Hayes Scott Hartnell Matt Read 30 1 2 2
3 Casey Cizikas Andrei Kostitsyn Andreas Athanasiou 20 1 2 2
4 Mikael Backlund Kris Chucko Wojtek Wolski 10 1 2 2
5 vs 5 Defense
Defense Defense Time % Phy DF OF
1 Jason Demers Brendan Smith 40 1 2 2
2 Torey Krug Josh Manson 30 1 2 2
3 Madison Bowey Alex Petrovic 20 1 2 2
4 Adam Pelech Jason Demers 10 1 2 2
PowerPlay Forward
Center Left Wing Right Wing Time % Phy DF OF
1 Jonathan Toews Wojtek Wolski Victor Oreskovich 60 1 2 2
2 Kevin Hayes Scott Hartnell Matt Read 40 1 2 2
PowerPlay Defense
Defense Defense Time % Phy DF OF
1 Jason Demers Brendan Smith 60 1 2 2
2 Torey Krug Josh Manson 40 1 2 2
Penalty Kill 4 Players Forward
Center Wing Time % Phy DF OF
1 Wojtek Wolski Jonathan Toews 60 1 2 2
2 Scott Hartnell Victor Oreskovich 40 1 2 2
Penalty Kill 4 Players Defense
Defense Defense Time % Phy DF OF
1 Jason Demers Brendan Smith 60 1 2 2
2 Torey Krug Josh Manson 40 1 2 2
Penalty Kill - 3 Players Forward
Forward Time % Phy DF OF
1 Wojtek Wolski 60 1 2 2
2 Jonathan Toews 40 1 2 2
Penalty Kill - 3 Players Defense
Defense Defense Time % Phy DF OF
1 Jason Demers Brendan Smith 60 1 2 2
2 Torey Krug Josh Manson 40 1 2 2
4 vs 4 Forward
Center Wing Time % Phy DF OF
1 Wojtek Wolski Jonathan Toews 60 1 2 2
2 Scott Hartnell Victor Oreskovich 40 1 2 2
4 vs 4 Defense
Defense Defense Time % Phy DF OF
1 Jason Demers Brendan Smith 60 1 2 2
2 Torey Krug Josh Manson 40 1 2 2
Last Minutes Offensive
Center Left Wing Right Wing Defense Defense
Jonathan Toews Wojtek Wolski Victor Oreskovich Jason Demers Brendan Smith
Last Minutes Defensive
Center Left Wing Right Wing Defense Defense
Jonathan Toews Wojtek Wolski Victor Oreskovich Jason Demers Brendan Smith
Goaltenders
Starting : Kevin Poulin
Backup : Antti Niemi
Extra Forwards
Normal : Andrei Kostitsyn, Casey Cizikas, Kris Chucko - PP : Andrei Kostitsyn, Casey Cizikas - PK : Kris Chucko
Extra Defensemen
Normal : Madison Bowey, Alex Petrovic, Adam Pelech - PP : Madison Bowey - PK : Alex Petrovic, Adam Pelech
Penalty Shots
Wojtek Wolski, Jonathan Toews, Scott Hartnell, Victor Oreskovich, Kevin Hayes
Scratches
Zack Kassian (Left Knee Injury)
% Time on Ice - Devils
Lines # - Real PCT - Wanted PCT - Time Play
Normal Forward
1 - 29% - 32% - 14:17
2 - 27% - 30% - 13:07
3 - 24% - 28% - 11:44
4 - 21% - 10% - 10:13
Normal Defense
1 - 36% - 36% - 17:37
2 - 33% - 34% - 16:08
3 - 27% - 26% - 13:06
4 - 5% - 4% - 2:30
PP Forward
1 - 60% - 60% - 2:49
2 - 40% - 40% - 1:53
PP Defense
1 - 63% - 60% - 2:59
2 - 37% - 40% - 1:43
PK Forward
1 - 71% - 60% - 4:12
2 - 29% - 40% - 1:45
PK Defense
1 - 55% - 60% - 3:17
2 - 45% - 40% - 2:40
PK3 Forward
1 - 0% - 60%
2 - 0% - 40%
PK3 Defense
1 - 0% - 60%
2 - 0% - 40%
44 Forward
1 - 0% - 60%
2 - 0% - 40%
44 Defense
1 - 0% - 60%
2 - 0% - 40%
Last Minute Offensive - 0:00
Last Minute Defensive - 0:00
Total
Forward - 60:00
Defense - 60:00
|
% Time on Ice - Bruins
Lines # - Real PCT - Wanted PCT - Time Play
Normal Forward
1 - 31% - 40% - 15:15
2 - 29% - 30% - 14:23
3 - 28% - 20% - 13:57
4 - 12% - 10% - 5:46
Normal Defense
1 - 38% - 40% - 18:57
2 - 35% - 30% - 17:06
3 - 20% - 20% - 10:05
4 - 7% - 10% - 3:13
PP Forward
1 - 52% - 60% - 3:04
2 - 48% - 40% - 2:53
PP Defense
1 - 61% - 60% - 3:38
2 - 39% - 40% - 2:19
PK Forward
1 - 79% - 60% - 3:43
2 - 21% - 40% - 0:59
PK Defense
1 - 59% - 60% - 2:46
2 - 41% - 40% - 1:56
PK3 Forward
1 - 0% - 60%
2 - 0% - 40%
PK3 Defense
1 - 0% - 60%
2 - 0% - 40%
44 Forward
1 - 0% - 60%
2 - 0% - 40%
44 Defense
1 - 0% - 60%
2 - 0% - 40%
Last Minute Offensive - 0:00
Last Minute Defensive - 0:00
Total
Forward - 60:00
Defense - 60:00
|
Play-by-Play
1st period
0:01 of 1st period - Tyler Ennis wins face-off versus Jonathan Toews in neutral zone.
0:23 of 1st period - Icing by Kristopher Letang.
0:24 of 1st period - Kevin Hayes wins face-off versus Nazem Kadri in Devils zone.
0:39 of 1st period - Slapshot by Chris Stewart.
0:39 of 1st period - Stopped by Kevin Poulin with a rebound.
0:41 of 1st period - Slapshot by Anton Stralman.
0:41 of 1st period - Stopped by Kevin Poulin without a rebound.
0:42 of 1st period - Aleksander Barkov wins face-off versus Kevin Hayes in Bruins zone.
0:49 of 1st period - Wrist shot by Marian Gaborik.
0:49 of 1st period - Stopped by Kevin Poulin without a rebound.
0:50 of 1st period - Kevin Hayes wins face-off versus Aleksander Barkov in Bruins zone.
1:02 of 1st period - Minor Penalty to Aleksander Barkov for Holding.
1:03 of 1st period - Zach Parise wins face-off versus Jonathan Toews in Devils zone.
2:32 of 1st period - Scott Hartnell is hit by Tyler Ennis and loses puck.
3:01 of 1st period - Zach Parise is hit by Andreas Athanasiou and loses puck.
3:02 of 1st period - Penalty to Aleksander Barkov is over, Aleksander Barkov is back on ice.
3:12 of 1st period - Slapshot by Andrei Kostitsyn.
3:12 of 1st period - Shot Misses the Net.
3:30 of 1st period - Backhand shot by Nazem Kadri.
3:30 of 1st period - Stopped by Kevin Poulin with a rebound.
4:29 of 1st period - Icing by Kris Chucko.
4:30 of 1st period - Jonathan Toews wins face-off versus Chris Stewart in Bruins zone.
4:42 of 1st period - Snap shot by Nazem Kadri.
4:42 of 1st period - Stopped by Kevin Poulin with a rebound.
4:44 of 1st period - Wrist shot by Nazem Kadri.
4:44 of 1st period - Shot Blocked by Jason Demers.
4:46 of 1st period - Wrist shot by Thomas Hickey.
4:46 of 1st period - Stopped by Kevin Poulin without a rebound.
4:47 of 1st period - Kevin Hayes wins face-off versus Brian McGrattan in Bruins zone.
4:47 of 1st period - Kevin Hayes is hit by Jamie Arniel.
4:53 of 1st period - Slapshot by Jamie Arniel.
4:53 of 1st period - Shot Misses the Net.
5:00 of 1st period - Off-side.
5:01 of 1st period - Jamie Arniel wins face-off versus Jonathan Toews in neutral zone.
5:08 of 1st period - Wrist shot by Brian McGrattan.
5:08 of 1st period - Shot Misses the Net.
5:16 of 1st period - Snap shot by Brian McGrattan.
5:16 of 1st period - Stopped by Kevin Poulin with a rebound.
5:28 of 1st period - Kevin Hayes is hit by Jonathan Huberdeau and loses puck.
5:57 of 1st period - Icing by Eric Tangradi.
5:58 of 1st period - Anton Lander wins face-off versus Jonathan Toews in Devils zone.
6:23 of 1st period - Michael Del Zotto is hit by Kevin Hayes and loses puck.
6:58 of 1st period - Icing by Michael Del Zotto.
6:59 of 1st period - Aleksander Barkov wins face-off versus Mikael Backlund in Devils zone.
7:06 of 1st period - Snap shot by Wojtek Wolski.
7:06 of 1st period - Deflect By Kris Chucko.
7:06 of 1st period - Stopped by Maxime Daigneault with a rebound.
7:08 of 1st period - Backhand shot by Brendan Smith.
7:08 of 1st period - Stopped by Maxime Daigneault without a rebound.
7:09 of 1st period - Jonathan Toews wins face-off versus Nazem Kadri in Devils zone.
7:10 of 1st period - Snap shot by Wojtek Wolski.
7:10 of 1st period - Stopped by Maxime Daigneault without a rebound.
7:11 of 1st period - Wojtek Wolski wins face-off versus Jamie Arniel in Devils zone.
7:41 of 1st period - Snap shot by Marian Gaborik.
7:41 of 1st period - Shot Misses the Net.
8:20 of 1st period - Jonathan Toews is hit by Anton Stralman and loses puck.
8:39 of 1st period - Snap shot by Kris Chucko.
8:39 of 1st period - Shot Misses the Net.
8:42 of 1st period - Icing by Michael Del Zotto.
8:43 of 1st period - Mikael Backlund wins face-off versus Jamie Arniel in Devils zone.
8:44 of 1st period - Slapshot by Wojtek Wolski.
8:44 of 1st period - Shot Misses the Net.
8:54 of 1st period - Slapshot by Brian McGrattan.
8:54 of 1st period - Stopped by Kevin Poulin with a rebound.
9:02 of 1st period - Snap shot by Zach Parise.
9:02 of 1st period - Shot Misses the Net.
9:08 of 1st period - Snap shot by Jamie Arniel.
9:08 of 1st period - Shot Misses the Net.
9:16 of 1st period - Snap shot by Jamie Arniel.
9:16 of 1st period - Shot Misses the Net.
9:18 of 1st period - Snap shot by Jamie Arniel.
9:18 of 1st period - Stopped by Kevin Poulin without a rebound.
9:19 of 1st period - Aleksander Barkov wins face-off versus Scott Hartnell in Bruins zone.
9:24 of 1st period - Snap shot by Jonathan Huberdeau.
9:24 of 1st period - Shot Blocked by Torey Krug.
9:30 of 1st period - Snap shot by Jonathan Huberdeau.
9:30 of 1st period - Stopped by Kevin Poulin with a rebound.
9:32 of 1st period - Snap shot by Marian Gaborik.
9:32 of 1st period - Shot Misses the Net.
9:34 of 1st period - Slapshot by Kristopher Letang.
9:34 of 1st period - Shot Misses the Net.
9:46 of 1st period - Tyler Ennis is hit by Andreas Athanasiou and loses puck.
10:29 of 1st period - Jason Demers is hit by Jamie Arniel and loses puck.
10:34 of 1st period - Wrist shot by Jamie Arniel.
10:34 of 1st period - Stopped by Kevin Poulin with a rebound.
10:36 of 1st period - Snap shot by Brian McGrattan.
10:36 of 1st period - Stopped by Kevin Poulin without a rebound.
10:37 of 1st period - Casey Cizikas wins face-off versus Aleksander Barkov in Bruins zone.
10:42 of 1st period - Slapshot by Jonathan Huberdeau.
10:42 of 1st period - Stopped by Kevin Poulin without a rebound.
10:43 of 1st period - Aleksander Barkov wins face-off versus Casey Cizikas in Bruins zone.
12:20 of 1st period - Slapshot by Andrei Kostitsyn.
12:20 of 1st period - Stopped by Maxime Daigneault with a rebound.
12:22 of 1st period - Wrist shot by Andrei Kostitsyn.
12:22 of 1st period - Shot Blocked by Marian Gaborik.
12:24 of 1st period - Snap shot by Brendan Smith.
12:24 of 1st period - Deflect By Marian Gaborik.
12:24 of 1st period - Stopped by Maxime Daigneault without a rebound.
12:25 of 1st period - Nazem Kadri wins face-off versus Kevin Hayes in Devils zone.
13:52 of 1st period - Wrist shot by Wojtek Wolski.
13:52 of 1st period - Shot Blocked by Matt Donovan.
14:12 of 1st period - Snap shot by Marian Gaborik.
14:12 of 1st period - Shot Misses the Net.
14:28 of 1st period - Slapshot by Andreas Athanasiou.
14:28 of 1st period - Stopped by Maxime Daigneault with a rebound.
14:30 of 1st period - Snap shot by Andrei Kostitsyn.
14:30 of 1st period - Goal by Andrei Kostitsyn - Devils : 0 - Bruins : 1.
14:31 of 1st period - Kevin Hayes wins face-off versus Nazem Kadri in neutral zone.
14:38 of 1st period - Snap shot by Scott Hartnell.
14:38 of 1st period - Shot Misses the Net.
15:23 of 1st period - Wrist shot by Casey Cizikas.
15:23 of 1st period - Stopped by Maxime Daigneault with a rebound.
15:25 of 1st period - Slapshot by Madison Bowey.
15:25 of 1st period - Shot Blocked by Jamie Arniel.
15:58 of 1st period - Wrist shot by Jonathan Toews.
15:58 of 1st period - Stopped by Maxime Daigneault without a rebound.
15:59 of 1st period - Aleksander Barkov wins face-off versus Casey Cizikas in Devils zone.
16:15 of 1st period - Snap shot by Casey Cizikas.
16:15 of 1st period - Shot Blocked by Mark Fistric.
16:29 of 1st period - Brendan Smith is hit by Mark Fistric.
17:11 of 1st period - Icing by Anton Lander.
17:12 of 1st period - Casey Cizikas wins face-off versus Anton Lander in Devils zone.
17:13 of 1st period - Wrist shot by Andrei Kostitsyn.
17:13 of 1st period - Shot Blocked by Thomas Hickey.
17:56 of 1st period - Wrist shot by Casey Cizikas.
17:56 of 1st period - Shot Misses the Net.
18:02 of 1st period - Backhand shot by Matt Donovan.
18:02 of 1st period - Goal by Matt Donovan - Devils : 1 - Bruins : 1.
18:03 of 1st period - Wojtek Wolski wins face-off versus Aleksander Barkov in neutral zone.
18:11 of 1st period - Off-side.
18:12 of 1st period - Jonathan Toews wins face-off versus Aleksander Barkov in neutral zone.
18:14 of 1st period - Minor Penalty to Victor Oreskovich for Interference.
18:15 of 1st period - Wojtek Wolski wins face-off versus Nazem Kadri in Bruins zone.
18:23 of 1st period - Tyler Ennis is hit by Wojtek Wolski and loses puck.
Goals for this period are 1 for Devils vs 1 for Bruins.
Shots for this period are 14 for Devils vs 9 for Bruins.
2nd period
0:01 of 2nd period - Nazem Kadri wins face-off versus Wojtek Wolski in neutral zone.
0:12 of 2nd period - Wrist shot by Nazem Kadri.
0:12 of 2nd period - Shot Misses the Net.
0:14 of 2nd period - Penalty to Victor Oreskovich is over, Victor Oreskovich is back on ice.
0:14 of 2nd period - Slapshot by Kristopher Letang.
0:14 of 2nd period - Shot Misses the Net.
0:16 of 2nd period - Slapshot by Kristopher Letang.
0:16 of 2nd period - Stopped by Kevin Poulin with a rebound.
0:55 of 2nd period - Snap shot by Andrei Kostitsyn.
0:55 of 2nd period - Shot Blocked by Matt Donovan.
0:57 of 2nd period - Slapshot by Josh Manson.
0:57 of 2nd period - Deflect By Anton Lander.
0:57 of 2nd period - Stopped by Maxime Daigneault with a rebound.
0:59 of 2nd period - Wrist shot by Casey Cizikas.
0:59 of 2nd period - Shot Blocked by Matt Donovan.
2:34 of 2nd period - Mikael Backlund is hit by Chris Stewart.
3:27 of 2nd period - Snap shot by Eric Tangradi.
3:27 of 2nd period - Stopped by Kevin Poulin without a rebound.
3:28 of 2nd period - Jonathan Toews wins face-off versus Anton Lander in Bruins zone.
3:33 of 2nd period - Backhand shot by Brendan Smith.
3:33 of 2nd period - Stopped by Maxime Daigneault without a rebound.
3:34 of 2nd period - Miikka Salomaki wins face-off versus Kevin Hayes in Devils zone.
3:41 of 2nd period - Backhand shot by Miikka Salomaki.
3:41 of 2nd period - Shot Misses the Net.
3:43 of 2nd period - Slapshot by Anton Stralman.
3:43 of 2nd period - Shot Misses the Net.
3:45 of 2nd period - Slapshot by Kristopher Letang.
3:45 of 2nd period - Shot Misses the Net.
3:53 of 2nd period - Wrist shot by Miikka Salomaki.
3:53 of 2nd period - Stopped by Kevin Poulin without a rebound.
3:54 of 2nd period - Tyler Ennis wins face-off versus Jonathan Toews in Bruins zone.
4:21 of 2nd period - Jonathan Huberdeau is hit by Kevin Hayes and loses puck.
5:06 of 2nd period - Wrist shot by Wojtek Wolski.
5:06 of 2nd period - Stopped by Maxime Daigneault with a rebound.
5:49 of 2nd period - Icing by Josh Manson.
5:50 of 2nd period - Chris Stewart wins face-off versus Jonathan Toews in Bruins zone.
6:07 of 2nd period - Snap shot by Jonathan Toews.
6:07 of 2nd period - Shot Blocked by Anton Stralman.
6:12 of 2nd period - Off-side.
6:13 of 2nd period - Aleksander Barkov wins face-off versus Kevin Hayes in neutral zone.
7:04 of 2nd period - Wrist shot by Brian McGrattan.
7:04 of 2nd period - Shot Blocked by Brendan Smith.
7:18 of 2nd period - Wrist shot by Anton Lander.
7:18 of 2nd period - Stopped by Kevin Poulin with a rebound.
8:17 of 2nd period - Wrist shot by Jonathan Toews.
8:17 of 2nd period - Shot Misses the Net.
8:55 of 2nd period - Casey Cizikas is hit by Marian Gaborik and loses puck.
9:09 of 2nd period - Icing by Madison Bowey.
9:10 of 2nd period - Kevin Hayes wins face-off versus Nazem Kadri in Bruins zone.
9:29 of 2nd period - Minor Penalty to Nazem Kadri for Tripping.
9:30 of 2nd period - Jamie Arniel wins face-off versus Jonathan Toews in Devils zone.
11:29 of 2nd period - Penalty to Nazem Kadri is over, Nazem Kadri is back on ice.
11:41 of 2nd period - Kristopher Letang is hit by Andreas Athanasiou.
12:15 of 2nd period - Slapshot by Kristopher Letang.
12:15 of 2nd period - Shot Blocked by Andreas Athanasiou.
13:44 of 2nd period - Off-side.
13:45 of 2nd period - Anton Lander wins face-off versus Casey Cizikas in neutral zone.
14:02 of 2nd period - Snap shot by Eric Tangradi.
14:02 of 2nd period - Stopped by Kevin Poulin with a rebound.
14:04 of 2nd period - Snap shot by Eric Tangradi.
14:04 of 2nd period - Stopped by Kevin Poulin with a rebound.
14:06 of 2nd period - Wrist shot by Mark Fistric.
14:06 of 2nd period - Shot Hit the Post.
14:08 of 2nd period - Snap shot by Eric Tangradi.
14:08 of 2nd period - Shot Blocked by Wojtek Wolski.
14:14 of 2nd period - Snap shot by Miikka Salomaki.
14:14 of 2nd period - Goal by Miikka Salomaki - Devils : 2 - Bruins : 1.
14:15 of 2nd period - Aleksander Barkov wins face-off versus Jonathan Toews in neutral zone.
14:56 of 2nd period - Matt Read is hit by Brian McGrattan and loses puck.
16:03 of 2nd period - Slapshot by Marian Gaborik.
16:03 of 2nd period - Shot Misses the Net.
16:25 of 2nd period - Snap shot by Matt Read.
16:25 of 2nd period - Shot Misses the Net.
16:31 of 2nd period - Jason Demers is hit by Zach Parise and loses puck.
17:15 of 2nd period - Snap shot by Casey Cizikas.
17:15 of 2nd period - Shot Blocked by Kristopher Letang.
17:27 of 2nd period - Snap shot by Nazem Kadri.
17:27 of 2nd period - Stopped by Kevin Poulin without a rebound.
17:28 of 2nd period - Jonathan Toews wins face-off versus Aleksander Barkov in Bruins zone.
17:37 of 2nd period - Snap shot by Wojtek Wolski.
17:37 of 2nd period - Shot Misses the Net.
17:43 of 2nd period - Snap shot by Jonathan Toews.
17:43 of 2nd period - Stopped by Maxime Daigneault without a rebound.
17:44 of 2nd period - Jamie Arniel wins face-off versus Matt Read in Devils zone.
18:10 of 2nd period - Torey Krug is hit by Marian Gaborik and loses puck.
19:39 of 2nd period - Snap shot by Jonathan Huberdeau.
19:39 of 2nd period - Shot Misses the Net.
19:53 of 2nd period - Madison Bowey is hit by Brian McGrattan and loses puck.
Goals for this period are 1 for Devils vs 0 for Bruins.
Shots for this period are 8 for Devils vs 4 for Bruins.
3rd period
0:01 of 3rd period - Nazem Kadri wins face-off versus Wojtek Wolski in neutral zone.
0:14 of 3rd period - Slapshot by Nazem Kadri.
0:14 of 3rd period - Shot Blocked by Jonathan Toews.
0:34 of 3rd period - Backhand shot by Kevin Hayes.
0:34 of 3rd period - Shot Blocked by Brian McGrattan.
0:36 of 3rd period - Snap shot by Jason Demers.
0:36 of 3rd period - Stopped by Maxime Daigneault with a rebound.
0:59 of 3rd period - Marian Gaborik is hit by Josh Manson and loses puck.
1:18 of 3rd period - Wrist shot by Wojtek Wolski.
1:18 of 3rd period - Deflect By Mikael Backlund.
1:18 of 3rd period - Shot Blocked by Mark Fistric.
1:18 of 3rd period - Puck is out of play.
1:19 of 3rd period - Jonathan Toews wins face-off versus Anton Lander in Devils zone.
1:26 of 3rd period - Wrist shot by Wojtek Wolski.
1:26 of 3rd period - Shot Blocked by Kristopher Letang.
3:20 of 3rd period - Anton Stralman is hit by Wojtek Wolski and loses puck.
4:33 of 3rd period - Kevin Hayes is hit by Brian McGrattan and loses puck.
4:44 of 3rd period - Snap shot by Victor Oreskovich.
4:44 of 3rd period - Shot Blocked by Matt Donovan.
5:15 of 3rd period - Jonathan Huberdeau is hit by Kris Chucko and loses puck.
5:26 of 3rd period - Slapshot by Thomas Hickey.
5:26 of 3rd period - Stopped by Kevin Poulin with a rebound.
5:28 of 3rd period - Snap shot by Matt Donovan.
5:28 of 3rd period - Shot Misses the Net.
5:30 of 3rd period - Slapshot by Thomas Hickey.
5:30 of 3rd period - Shot Misses the Net.
5:32 of 3rd period - Wrist shot by Brian McGrattan.
5:32 of 3rd period - Stopped by Kevin Poulin without a rebound.
5:33 of 3rd period - Kevin Hayes wins face-off versus Jamie Arniel in Bruins zone.
5:33 of 3rd period - Kevin Hayes is hit by Michael Del Zotto.
5:54 of 3rd period - Snap shot by Jamie Arniel.
5:54 of 3rd period - Deflect By Brian McGrattan.
5:54 of 3rd period - Shot Blocked by Scott Hartnell.
5:54 of 3rd period - Puck is out of play.
5:55 of 3rd period - Jonathan Toews wins face-off versus Nazem Kadri in Bruins zone.
6:02 of 3rd period - Slapshot by Wojtek Wolski.
6:02 of 3rd period - Shot Misses the Net.
6:06 of 3rd period - Snap shot by Wojtek Wolski.
6:06 of 3rd period - Shot Misses the Net.
6:08 of 3rd period - Backhand shot by Torey Krug.
6:08 of 3rd period - Deflect By Nazem Kadri.
6:08 of 3rd period - Stopped by Maxime Daigneault with a rebound.
6:24 of 3rd period - Snap shot by Jonathan Huberdeau.
6:24 of 3rd period - Shot Blocked by Andrei Kostitsyn.
6:28 of 3rd period - Snap shot by Aleksander Barkov.
6:28 of 3rd period - Shot Misses the Net.
6:30 of 3rd period - Wrist shot by Marian Gaborik.
6:30 of 3rd period - Stopped by Kevin Poulin without a rebound.
6:31 of 3rd period - Nazem Kadri wins face-off versus Jonathan Toews in Bruins zone.
6:36 of 3rd period - Snap shot by Tyler Ennis.
6:36 of 3rd period - Deflect By Nazem Kadri.
6:36 of 3rd period - Stopped by Kevin Poulin with a rebound.
6:58 of 3rd period - Jonathan Huberdeau is hit by Brendan Smith and loses puck.
7:25 of 3rd period - Backhand shot by Casey Cizikas.
7:25 of 3rd period - Stopped by Maxime Daigneault with a rebound.
7:27 of 3rd period - Slapshot by Casey Cizikas.
7:27 of 3rd period - Stopped by Maxime Daigneault without a rebound.
7:28 of 3rd period - Casey Cizikas wins face-off versus Chris Stewart in Devils zone.
8:02 of 3rd period - Wrist shot by Wojtek Wolski.
8:02 of 3rd period - Stopped by Maxime Daigneault with a rebound.
8:04 of 3rd period - Slapshot by Torey Krug.
8:04 of 3rd period - Shot Blocked by Anton Stralman.
8:06 of 3rd period - Wrist shot by Victor Oreskovich.
8:06 of 3rd period - Stopped by Maxime Daigneault without a rebound.
8:07 of 3rd period - Jamie Arniel wins face-off versus Kevin Hayes in Devils zone.
8:15 of 3rd period - Snap shot by Jamie Arniel.
8:15 of 3rd period - Shot Blocked by Jason Demers.
8:17 of 3rd period - Snap shot by Jamie Arniel.
8:17 of 3rd period - Stopped by Kevin Poulin with a rebound.
8:19 of 3rd period - Wrist shot by Brian McGrattan.
8:19 of 3rd period - Shot Blocked by Kevin Hayes.
8:21 of 3rd period - Slapshot by Mark Fistric.
8:21 of 3rd period - Stopped by Kevin Poulin with a rebound.
8:33 of 3rd period - Tyler Ennis is hit by Wojtek Wolski.
8:57 of 3rd period - Wrist shot by Anton Lander.
8:57 of 3rd period - Shot Blocked by Andrei Kostitsyn.
8:59 of 3rd period - Slapshot by Anton Lander.
8:59 of 3rd period - Shot Misses the Net.
9:03 of 3rd period - Snap shot by Eric Tangradi.
9:03 of 3rd period - Shot Hit the Post.
9:05 of 3rd period - Snap shot by Anton Lander.
9:05 of 3rd period - Shot Misses the Net.
9:11 of 3rd period - Minor Penalty to Andrei Kostitsyn for Hooking.
9:12 of 3rd period - Wojtek Wolski wins face-off versus Nazem Kadri in Bruins zone.
9:44 of 3rd period - Off-side.
9:45 of 3rd period - Nazem Kadri wins face-off versus Wojtek Wolski in neutral zone.
9:48 of 3rd period - Jason Demers is hit by Marian Gaborik and loses puck.
9:55 of 3rd period - Snap shot by Tyler Ennis.
9:55 of 3rd period - Goal by Tyler Ennis - Devils : 3 - Bruins : 1.
9:56 of 3rd period - Aleksander Barkov wins face-off versus Jonathan Toews in neutral zone.
9:59 of 3rd period - Jason Demers is hit by Anton Stralman.
10:23 of 3rd period - Jason Demers is hit by Anton Stralman and loses puck.
10:30 of 3rd period - Wrist shot by Zach Parise.
10:30 of 3rd period - Stopped by Kevin Poulin without a rebound.
10:31 of 3rd period - Nazem Kadri wins face-off versus Jonathan Toews in Bruins zone.
10:56 of 3rd period - Brian McGrattan is hit by Josh Manson.
11:20 of 3rd period - Slapshot by Aleksander Barkov.
11:20 of 3rd period - Stopped by Kevin Poulin without a rebound.
11:21 of 3rd period - Casey Cizikas wins face-off versus Aleksander Barkov in Bruins zone.
11:21 of 3rd period - Casey Cizikas is hit by Marian Gaborik.
11:35 of 3rd period - Slapshot by Thomas Hickey.
11:35 of 3rd period - Deflect By Andrei Kostitsyn.
11:35 of 3rd period - Stopped by Kevin Poulin without a rebound.
11:36 of 3rd period - Jonathan Toews wins face-off versus Nazem Kadri in Bruins zone.
12:01 of 3rd period - Tyler Ennis is hit by Casey Cizikas and loses puck.
12:20 of 3rd period - Icing by Anton Stralman.
12:21 of 3rd period - Jamie Arniel wins face-off versus Kevin Hayes in Devils zone.
12:21 of 3rd period - Jamie Arniel is hit by Matt Read.
12:29 of 3rd period - Wrist shot by Scott Hartnell.
12:29 of 3rd period - Shot Blocked by Anton Stralman.
12:31 of 3rd period - Backhand shot by Jason Demers.
12:31 of 3rd period - Stopped by Maxime Daigneault with a rebound.
12:47 of 3rd period - Kristopher Letang is hit by Jason Demers and loses puck.
13:08 of 3rd period - Snap shot by Miikka Salomaki.
13:08 of 3rd period - Shot Blocked by Casey Cizikas.
13:10 of 3rd period - Snap shot by Anton Stralman.
13:10 of 3rd period - Deflect By Miikka Salomaki.
13:10 of 3rd period - Goal by Miikka Salomaki - Devils : 4 - Bruins : 1.
13:11 of 3rd period - Nazem Kadri wins face-off versus Jonathan Toews in neutral zone.
14:19 of 3rd period - Anton Lander is hit by Victor Oreskovich and loses puck.
14:54 of 3rd period - Snap shot by Nazem Kadri.
14:54 of 3rd period - Stopped by Kevin Poulin without a rebound.
14:55 of 3rd period - Jonathan Toews wins face-off versus Aleksander Barkov in Bruins zone.
15:03 of 3rd period - Minor Penalty to Victor Oreskovich for Hooking.
15:04 of 3rd period - Nazem Kadri wins face-off versus Wojtek Wolski in Bruins zone.
15:38 of 3rd period - Wrist shot by Thomas Hickey.
15:38 of 3rd period - Shot Blocked by Brendan Smith.
17:03 of 3rd period - Penalty to Victor Oreskovich is over, Victor Oreskovich is back on ice.
17:11 of 3rd period - Minor Penalty to Brian McGrattan for Holding.
17:12 of 3rd period - Kevin Hayes wins face-off versus Jamie Arniel in Devils zone.
17:12 of 3rd period - Backhand shot by Scott Hartnell.
17:12 of 3rd period - Stopped by Maxime Daigneault without a rebound.
17:13 of 3rd period - Jamie Arniel wins face-off versus Scott Hartnell in Devils zone.
19:11 of 3rd period - Penalty to Brian McGrattan is over, Brian McGrattan is back on ice.
19:22 of 3rd period - Wrist shot by Casey Cizikas.
19:22 of 3rd period - Stopped by Maxime Daigneault with a rebound.
Goals for this period are 2 for Devils vs 0 for Bruins.
Shots for this period are 12 for Devils vs 9 for Bruins.
Output by the SimonT Hockey Simulator (STHS) for Francois Prevost